AoeStats
← joelreflects

Marketplace

504146352Analyzed
1v1 RM · 28d ago on Sep 4, 2026· 54m 55s· 2 players
Game mode
Random Map
Map size
Tiny (2 player)
Population
200
Speed
Normal
Resources
Standard
Victory
Conquest
Starting age
Dark Age
Ending age
Imperial Age
RankedLock teamsTeams togetherTeam positionsShared explorationLock speedFull tech treeHidden civsTurbo modeCheats
Victory
Defeat
🇺🇸 Magyars · United States
912
+16
🇺🇸 Turks · United States
915
-16
S1lv3r81
7:48 Loom
10:33 Feudal Age
13:31 Double-Bit Axe
17:32 Scale Barding Armor
23:51 Castle Age
22:51 Wheelbarrow
23:50 Stone Mining
23:44 Horse Collar
25:25 Pikeman
26:13 Scale Mail Armor
29:27 Town Watch
30:23 Fletching
32:02 Padded Archer Armor
36:48 Bow Saw
41:32 Imperial Age
38:38 Elite Skirmisher
40:06 Thumb Ring
42:09 Hand Cart
41:39 Halberdier
43:28 Murder Holes
45:58 Cavalier
48:37 Gold Mining
49:35 Bloodlines
49:25 Husbandry
51:42 Chain Barding Armor
52:22 Ballistics
joelreflects
6:07 Loom
10:55 Feudal Age
11:29 Double-Bit Axe
11:38 Horse Collar
19:23 Castle Age
19:47 Scale Barding Armor
19:53 Forging
22:01 Bloodlines
25:11 Wheelbarrow
25:12 Chain Barding Armor
31:35 Heavy Plow
33:36 Bow Saw
36:29 Iron Casting
35:58 Padded Archer Armor
39:54 Imperial Age
37:50 Fletching
38:18 Leather Archer Armor
40:30 Hand Cart
40:01 Town Watch
40:18 Fletching
40:53 Artillery
41:30 Conscription
50:28 Parthian Tactics
Connection lost

Rejoining the realm…

Still unreachable

The connection could not be restored.

Session expired

The server has moved on; the page needs a fresh start.